 Dungeon Crawl Stone Soup version 0.28.0-53-g5a82cb258f (webtiles) character file.

Game seed: 6901340493451653362

186 mortz the Chopper (level 5, -10/53 HPs)
             Began as a Troll Fighter on June 5, 2022.
             Mangled by a gnoll
             ... wielding a +0 halberd
              (14 damage)
             ... on level 3 of the Dungeon.
             The game lasted 00:11:07 (2376 turns).

mortz the Chopper (Troll Fighter)                   Turns: 2376, Time: 00:11:07

Health: -10/53     AC:  4    Str: 26    XL:     5   Next: 38%
Magic:  4/4        EV:  8    Int:  4    God:
Gold:   61         SH:  7    Dex:  9    Spells: 4/4 levels left

rFire   . . .      SeeInvis .   a - +0 war axe {axe}
rCold   . . .      Faith    .   c - +0 kite shield
rNeg    . . .      Spirit   .   b - +0 robe
rPois   .          Reflect  .   (helmet restricted)
rElec   .          Harm     .   (no cloak)
rCorr   .          Rampage  .   (gloves unavailable)
Will    .....                   (boots unavailable)
Stlth   +.........              k - amulet of the acrobat
HPRegen 0.97/turn               (no ring)
MPRegen 0.09/turn               (no ring)

@: no status effects
A: large, unfitting armour, claws 3, regeneration 1, shaggy fur 1, tough skin 1
a: no special abilities


You were on level 3 of the Dungeon.
You visited 1 branch of the dungeon, and saw 3 of its levels.

You collected 97 gold pieces.
You spent 36 gold pieces at shops.


Innate Abilities, Weirdness & Mutations

You are too large for most types of armour.
You have claws for hands.
Your natural rate of healing is unusually fast.
You are covered in fur. (AC +1)
You have tough skin. (AC +1)


   Skills:
 + Level 3.1 Fighting
 + Level 3.4 Axes
 + Level 3.1 Dodging
 + Level 2.8 Shields


You had 4 spell levels left.
You didn't know any spells.
Your spell library contained the following spells:

 Spells                   Type           Power      Damage    Failure   Level
 Alistair's Intoxication  Tmut/Pois      0%         N/A       100%        5
 Borgnjor's Vile Clutch   Necr/Erth      0%         N/A       100%        5
 Eringya's Noxious Bog    Tmut/Pois      0%         N/A       100%        6

Inventory:

Hand Weapons
 a - a +0 war axe (weapon) {axe}
 o - a +0 hunting sling of freezing {sling}
   (You took it off a goblin on level 3 of the Dungeon)
 r - a +0 trident {polearm}
   (You found it on level 3 of the Dungeon)
Missiles
 e - 5 poisoned darts (quivered) {throwing}
 f - 187 stones {throwing}
 h - 4 curare-tipped darts {=fthrowing}
 p - 26 arrows
 q - 22 sling bullets
Armour
 b - a +0 robe (worn)
 c - a +0 kite shield (worn)
Jewellery
 k - an amulet of the acrobat (around neck)
   (You found it on level 2 of the Dungeon)
Wands
 m - a wand of polymorph (3)
   (You found it on level 3 of the Dungeon)
Scrolls
 g - a scroll of immolation {unknown}
 i - a scroll of identify {unknown}
 l - a scroll of teleportation {unknown}
Potions
 d - 3 potions of might
 j - 3 potions of curing {@q1}
 n - a potion of brilliance {unknown}

Dungeon Overview and Level Annotations

Branches:
Dungeon (3/15)

Altars:

Shops:
D:3 !

Annotations:
D:3 1 runed translucent door, issech's ghost, amateur MiMo

#.............# #.# #####.
#.............# #.# #.
#.............###.# #.
######.................#########.
...........>.....................
.........##)##.#.#.............#.
.........##....g.................
.........#####.#g#############.#.
####.#########.#@# #.#.
#.####......#.#############.#.
#.)..#'######...............#g
######.........#...............#.
...............#..............##.
.................##...........##.
................###...........##.
................# #...........##.
................###...........###


You could see a gnoll sergeant (resistant) and a gnoll.


Message History

d - 2 potions of might (gained 1)
A bat comes into view.
The bat closely misses you.
You hit the bat.
You kill the bat!
You see here a bat corpse.
d - 3 potions of might (gained 1)
A goblin and a bat come into view.
Found a stone staircase leading down.
The goblin shouts!
The goblin unwields a +0 club.
The goblin wields a +0 hunting sling of freezing.
It is covered in frost.
The goblin shoots a stone.
The stone closely misses you. You block the bat's attack.
The bat completely misses you. The bat barely misses you.
You block the bat's attack.
You hit the bat.
You kill the bat!
The goblin shoots a stone.
The stone barely misses you.
You slash the goblin!
You kill the goblin!
o - a +0 hunting sling of freezing {sling}
f - 182 stones {throwing} (gained 22)
Things that are here:
a +0 club {mace}; a goblin corpse
Found a stone staircase leading down.
There is a stone staircase leading down here.
There is an open door here.
A giant cockroach comes into view.
A kobold comes into view. It is wielding a +0 short sword.
There is an open door here.
The kobold hits you but does no damage.
You hit the kobold.
You kill the kobold!
Things that are here:
a +0 short sword {short}; 5 stones {throwing} You hit the giant cockroach.
You kill the giant cockroach!
f - 187 stones {throwing} (gained 5)
You see here a +0 short sword {short}.
You now have 61 gold pieces (gained 14).
You open the door.
There is an open door here.
Issech's ghost turns its malevolent gaze towards you.
(D) Dungeon
Where to? (Enter - D:2 @ (x,y), ? - help) Issech's ghost shouts, "I was like you once."
The gnoll sergeant shouts!
The gnoll shouts!
The gnoll sergeant drinks a potion.
The gnoll sergeant suddenly seems more resistant.
The gnoll sergeant barely misses you.
You hit the gnoll sergeant but do no damage.
The gnoll sergeant closely misses you. You block the gnoll sergeant's attack.
The gnoll sergeant blocks your attack.
The gnoll sergeant hits you with a +0 trident!
You block the gnoll's attack.
The gnoll sergeant hits you with a +0 trident!
The gnoll barely misses you. 😮 HP[-21]
You take 21 damage, and now have 32/53 hp.
MASSIVE DAMAGE!! (PAUSE)
You slash the gnoll sergeant! You block the gnoll sergeant's attack.
The gnoll hits you from afar with a +0 halberd. 😮 HP[-2]
You take 2 damage, and now have 30/53 hp.
You slash the gnoll sergeant! The gnoll sergeant closely misses you.
The gnoll closely misses you. 😮 HP[+1]
You closely miss the gnoll sergeant. The gnoll sergeant closely misses you.
The gnoll hits you from afar with a +0 halberd!
* * * LOW HITPOINT WARNING * * *
The gnoll sergeant hits you with a +0 trident.
* * * LOW HITPOINT WARNING * * *
The gnoll barely misses you. 😨 HP[-11]
You take 11 damage, and now have 20/53 hp.
MASSIVE DAMAGE!! (PAUSE)
You hit the gnoll sergeant. The gnoll sergeant misses you.
You block the gnoll's attack. 😨 HP[+1]
The gnoll sergeant blocks your attack. The gnoll sergeant barely misses you.
The gnoll barely misses you. You block the gnoll sergeant's attack.
The gnoll hits you from afar with a +0 halberd.
* * * LOW HITPOINT WARNING * * *
😨 HP[-3]
You take 3 damage, and now have 18/53 hp.
You hit the gnoll sergeant but do no damage.
You block the gnoll sergeant's attack. The gnoll barely misses you. 😨 HP[+2]
You regained 2 hp, and now have 20/53 hp.
You hit the gnoll sergeant.
The gnoll sergeant hits you with a +0 trident!
* * * LOW HITPOINT WARNING * * *
The gnoll hits you from afar with a +0 halberd.
* * * LOW HITPOINT WARNING * * *
The gnoll sergeant barely misses you.
The gnoll hits you from afar with a +0 halberd!
You die...

Skill      XL: |  1  2  3  4 |
---------------+-------------+-----
Axes           | 2 3 |  3.4
Dodging        | 3 |  3.1
Fighting       | 3 |  3.1
Shields        | |  2.8

Action                   |  1- 3 |  4- 6 || total
-------------------------+-------+-------++-------
Melee: War axe           |    70 |    81 ||   151
Armor: Robe              |    23 |    16 ||    39
Dodge: Dodged            |    22 |    47 ||    69
Block: Kite shield       |    20 |    36 ||    56

Levels and vault maps discovered:
D:1:      lightli_arrival_quake, layout_basic,
          hellmonk_ecumenical_altar_watching_god, minivault_26
D:2:      layout_basic
D:3:      layout_basic, serial_shops, shop, gammafunk_ghost_grave

Notes
Turn   | Place    | Note
-------+----------+-------------------------------------------
     0 | D:1      | mortz the Troll Fighter began the quest for the Orb.
     0 | D:1      | Reached XP level 1. HP: 22/22 MP: 0/0
     0 | D:1      | magus.rc [v1.9.6]
   140 | D:1      | Reached XP level 2. HP: 29/29 MP: 1/1
   208 | D:1      | Found a faded altar of an unknown god.
   209 | D:1      | Noticed a great orb of eyes
   211 | D:1      | Noticed an eye of devastation
   211 | D:1      | Noticed a golden eye
   211 | D:1      | Noticed a great orb of eyes
   652 | D:2      | Reached skill level 2 in Axes
   654 | D:2      | Reached XP level 3. HP: 23/36 MP: 2/2
   916 | D:2      | Reached XP level 4. HP: 39/44 MP: 3/3
  1246 | D:2      | You add the spells Alistair's Intoxication, Borgnjor's Vile
                  | Clutch and Eringya's Noxious Bog to your library.
  1255 | D:2      | Reached skill level 3 in Dodging
  1577 | D:3      | Reached skill level 3 in Axes
  1601 | D:3      | Reached skill level 3 in Fighting
  1601 | D:3      | Reached XP level 5. HP: 53/53 MP: 4/4
  1742 | D:3      | HP: 11/53 [gnoll/+0 halberd (11)]
  1987 | D:3      | Found a runed translucent door.
  1987 | D:3      | Noticed issech's ghost (amateur MiMo)
  2048 | D:3      | Found Appiwen's Distillery.
  2052 | D:3      | Bought a potion of curing for 36 gold pieces
  2376 | D:3      | HP: 5/53 [gnoll sergeant/+0 trident (16)]
  2376 | D:3      | Mangled by a gnoll

Vanquished Creatures
  A jelly (D:3)
  An iguana (D:2)
  3 gnolls (D:3)
  5 adders (D:2)
  A worm (D:3)
  2 dart slugs
  An orc (D:3)
  5 ball pythons
  6 bats
  6 endoplasms
  A giant cockroach (D:3)
  5 goblins
  2 hobgoblins
  2 quokkas
  3 frilled lizards
  2 kobolds (D:3)
  11 rats
57 creatures vanquished.

Table legend:
 A = Non-vault XP
 B = Vault XP
 C = Vault XP percentage of total XP
 D = Non-vault monster count
 E = Vault monster count
 F = Vault count percentage of total count
                 A         B        C        D         E       F
            +---------+---------+-------+---------+---------+-------
      Total |     267 |       0 |   0.0 |      57 |       0 |   0.0
            +---------+---------+-------+---------+---------+-------
        D:1 |      33 |       0 |   0.0 |      20 |       0 |   0.0
        D:2 |     117 |       0 |   0.0 |      18 |       0 |   0.0
        D:3 |     117 |       0 |   0.0 |      19 |       0 |   0.0
            +---------+---------+-------+---------+---------+-------

Illustrated notes

Table legend:
 A = Kills in this place as a percentage of kills in entire the game.
 B = Kills by you in this place as a percentage of kills by you in the entire game.
 C = Kills by friends in this place as a percentage of kills by friends in the entire game.
 D = Other kills in this place as a percentage of other kills in the entire game.
 E = Experience gained in this place as a percentage of experience gained in the entire game.
 F = Experience gained in this place divided by the number of levels of this place that you have seen.
                   A       B       C       D       E      F
               +-------+-------+-------+-------+-------+----------------------
         Total | 100.0 | 100.0 |   N/A |   N/A | 100.0 |  89.0
       Dungeon | 100.0 | 100.0 |   N/A |   N/A | 100.0 |  89.0
               +-------+-------+-------+-------+-------+----------------------

Table legend: (Time is in decaauts)
 A = Elapsed time spent in this place.
 B = Non-inter-level travel time spent in this place.
 C = Inter-level travel time spent in this place.
 D = Time resting spent in this place.
 E = Time spent auto-exploring this place.
 F = Levels seen in this place.
 G = Mean time per level.
                   A        B        C        D        E       F      G
               +--------+--------+--------+--------+--------+-----+--------+
         Total |   2452 |   2207 |    245 |     39 |   1619 |   3 |  817.3 |
       Dungeon |   2452 |   2207 |    245 |     39 |   1619 |   3 |  817.3 |
               +--------+--------+--------+--------+--------+-----+--------+

Top non-repeatable levels by time:
     D:2: 921 daAuts
     D:3: 887 daAuts
     D:1: 643 daAuts
